 Dungeon Crawl Stone Soup version 0.32-a0-42-ga30500b4d3 (webtiles) character file.

Game seed: 6632125025582561425

10315 grandjackal the Fighter (level 11, 0/89 (95) HPs)
             Began as a Demonspawn Gladiator on Jan 30, 2024.
             Was a Priest of Nemelex Xobeh.
             Slain by a rust devil (6 damage)
             ... on level 10 of the Dungeon.
             The game lasted 00:17:17 (10832 turns).

grandjackal the Fighter (Demonspawn Gladiator)     Turns: 10832, Time: 00:17:18

HP:   0/89 (95)     AC:  6    Str: 20    XL:     11   Next: 34%
MP:   0/19          EV: 11    Int:  9    God:    Nemelex Xobeh [***...]
Gold: 258           SH:  0    Dex: 16    Spells: 10/10 levels left

rFire   + + .        H - +0 war axe
rCold   + + .        (no shield)
rNeg    . . .        Q - +7 scale mail of the Bells {rElec rPois rC+ Dex+4}
rPois   +            t - +2 hat
rElec   +            (no cloak)
rCorr   .            S - +2 pair of gloves
SInv    .            (boots unavailable)
Will    .....        (no amulet) Stlth
                     l - +4 ring of protection
HPRegen 0.34/turn    w - ring "Cicsaid" {rElec rF++ rC+ Str+3 Dex-4}
MPRegen 0.32/turn

%: guardian spirit
@: mighty, corroded, drained
A: hooves 3, thin metallic scales 1, foul stench 1, magic shield, magic
regeneration, mutation resistance 1
a: Renounce Religion, Draw Escape, Draw Destruction, Draw Summoning, Triple Draw


You were on level 10 of the Dungeon.
You worshipped Nemelex Xobeh.
Nemelex Xobeh was most pleased with you.
You visited 2 branches of the dungeon, and saw 12 of its levels.

You collected 700 gold pieces.
You spent 442 gold pieces at shops.

Inventory:

Hand Weapons
 H - a +0 war axe (weapon)
Missiles
 d - 3 throwing nets
 e - a javelin
 A - 41 poisoned darts (quivered)
Armour
 t - a +2 hat (worn)
 I - a +2 ring mail of fire resistance
 P - a +2 ring mail of cold resistance
 Q - the +7 scale mail of the Bells (worn) {rElec rPois rC+ Dex+4}
   (You took it off an orc warrior on level 9 of the Dungeon)

   Dex+4:     It affects your dexterity (+4).
   rC+:       It protects you from cold.
   rElec:     It insulates you from electricity.
   rPois:     It protects you from poison
 S - a +2 pair of gloves (worn)
Jewellery
 l - a +4 ring of protection (left hand)
 s - the ring of Tafimakh {Fire Fly Will- Str+2 Dex+4}
   (You found it on level 2 of the Dungeon)

   [ring of fire]

   Fire:      It enhances your fire magic.
   Str+2:     It affects your strength (+2).
   Dex+4:     It affects your dexterity (+4).
   rF+:       It protects you from fire.
   rC-:       It makes you vulnerable to cold.
   Will-:     It decreases your willpower.
   Fly:       It grants you flight.
 w - the ring "Cicsaid" (right hand) {rElec rF++ rC+ Str+3 Dex-4}
   (You found it on level 3 of the Dungeon)

   [ring of protection from cold]

   Str+3:     It affects your strength (+3).
   Dex-4:     It affects your dexterity (-4).
   rF++:      It greatly protects you from fire.
   rC+:       It protects you from cold.
   rElec:     It insulates you from electricity.
 G - a ring of protection from cold
 L - a ring of ice
 O - a ring of protection from fire
Wands
 g - a wand of polymorph (7)
 y - a wand of light (31)
 C - a wand of flame (31)
 D - a wand of iceblast (3)
 M - a wand of digging (7)
Scrolls
 c - a scroll of brand weapon {unknown}
 f - 4 scrolls of fog {unknown}
 h - 5 scrolls of enchant armour
 i - 7 scrolls of identify {unknown}
 k - a scroll of immolation
 o - 2 scrolls of amnesia {unknown}
 p - 3 scrolls of fear {unknown}
 q - a scroll of blinking {unknown}
 x - a scroll of poison {unknown}
 z - a scroll of teleportation {unknown}
 B - a scroll of noise {unknown}
 N - 2 scrolls of revelation {unknown}
 R - a scroll of vulnerability {unknown}
Potions
 a - a potion of haste {unknown}
 b - 2 potions of resistance {unknown}
 j - 2 potions of cancellation
 m - 4 potions of heal wounds
 n - 2 potions of attraction {unknown}
 r - 2 potions of lignification
 v - 5 potions of brilliance {unknown}
 E - a potion of might
 F - 3 potions of curing
 J - a potion of enlightenment
 K - a potion of magic {unknown}


   Skills:
 + Level 11.6 Fighting
 - Level 4.0 Long Blades
 + Level 6.4 Axes
 - Level 2.0 Throwing
 - Level 6.4 Armour
 - Level 4.0 Dodging
 + Level 10.8 Invocations


You had 10 spell levels left.
You didn't know any spells.
Your spell library contained the following spells:

 Spells                   Type           Power      Damage    Failure   Level
 Magic Dart               Conj           0%         1d3       71%         1
 Blink                    Tloc           0%         N/A       85%         2
 Call Imp                 Summ           0%         N/A       85%         2
 Mercury Vapours          Alch/Air       0%         N/A       85%         2
 Sublimation of Blood     Necr           0%         N/A       85%         2
 Gell's Gravitas          Tloc           0%         N/A       97%         3
 Mephitic Cloud           Conj/Alch/Air  0%         N/A       97%         3
 Summon Ice Beast         Ice/Summ       0%         N/A       97%         3
 Teleport Other           Tloc           0%         N/A       97%         3
 Tukima's Dance           Hex            0%         N/A       97%         3
 Cause Fear               Hex            0%         N/A       100%        4
 Passage of Golubria      Tloc           0%         N/A       100%        4
 Fireball                 Conj/Fire      0%         3d3       100%        5
 Freezing Cloud           Conj/Ice/Air   0%         6-21      100%        5
 Summon Mana Viper        Hex/Summ       0%         N/A       100%        5
 Yara's Violent Unravell  Hex/Alch       0%         3d3       100%        5
 Dispersal                Tloc           0%         N/A       100%        6
 Monstrous Menagerie      Summ           0%         N/A       100%        7
 Summon Hydra             Summ           0%         N/A       100%        7
 Dragon's Call            Summ           0%         N/A       100%        9


Dungeon Overview and Level Annotations

Branches:
Dungeon (11/15)            Temple (1/1) D:5            Lair (0/5) D:8
    Orc: D:9-12

Altars:
Ashenzari
Cheibriados
Dithmenos
Fedhas
Gozag
Hepliaklqana
Kikubaaqudgha
Makhleb
Nemelex Xobeh
Okawaru
Qazlal
Ru
Sif Muna
Trog
Uskayaw
Vehumet
Wu Jian
Xom
Yredelemnul

Shops:
D:1 ((:   D:7 ![(!!

Annotations:
D:10 3 runed translucent doors


Innate Abilities, Weirdness & Mutations

You have hooves in place of feet.
You are partially covered in thin metallic scales. (AC +2)
You may rarely emit foul miasma when damaged in melee.
When hurt, damage is shared between your health and your magic reserves.
You regenerate magic rapidly.
You are somewhat resistant to further mutation.


Message History

You hit the chaos spawn but do no damage.
The neqoxec gestures at you.
Strange energies course through your body.
You feel genetically stable. The chaos spawn closely misses you.
The soul eater hits you! The rust devil hits you. The rust devil corrodes you!
The neqoxec hits you.
* * * LOW HITPOINT WARNING * * *
The chaos spawn misses you.
The soul eater draws from the surrounding life force!
* * * LOW HITPOINT WARNING * * *
As you read the scroll labelled KEOMIXTITU, it crumbles to dust.
It is a scroll of enchant armour.
Your +1 ring mail of fire resistance glows green for a moment.
The rust devil hits you. The rust devil corrodes you!
The chaos spawn barely misses you. The neqoxec hits you.
* * * LOW HITPOINT WARNING * * *
The soul eater misses you.
You feel much better. The rust devil hits you! The rust devil corrodes you!
The chaos spawn gores you. The chaos spawn shocks you. You resist.
The neqoxec hits you but does no damage.
The soul eater hits you!!
* * * LOW HITPOINT WARNING * * *
You feel drained.
* * * LOW HITPOINT WARNING * * *
You feel much better. The rust devil hits you! The rust devil corrodes you!
The soul eater hits you!
* * * LOW HITPOINT WARNING * * *
The neqoxec gestures at you.
Strange energies course through your body.
You feel odd for a moment. The chaos spawn stings you!
* * * LOW HITPOINT WARNING * * *
The chaos spawn freezes you. You resist.
* * * LOW HITPOINT WARNING * * *
Unknown command.
As you read the scroll labelled FUGGAG EC CYTHREST, it crumbles to dust.
The creatures around you are filled with an inner flame!
It was a scroll of immolation.
The rust devil hits you!
You die...
Your body disappears without a glow.

...##.###.###.###.##..#..........
.................#....#......###.
....#########....#....#..(.###.#.
....#.......#....#....#....'...'.
....'.......#....#....#....#...#<
.)..#.......#....######....#...#.
)...#########..............#...#.
...............3.3.........#...#.
..).............@..........#####.
.))>............44...............
..<)......................#####..
.....................###### #..
..###................# #.. ..#
################## ### ..# ###


You could see a soul eater (inner flame), a rust devil (inner flame), a neqoxec
(inner flame) and a chaos spawn (inner flame).

Vanquished Creatures
  Fannar (D:10)
  2 two-headed ogres (D:10)
  Pikel (D:4)
  A gargoyle (D:10)
  Jeremiah (D:7)
  A troll (D:8)
  A hornet (D:7)
  Prince Ribbit (D:7)
  9 yaks
  4 vampire mosquitoes (D:10)
  A steam dragon (D:9)
  A water moccasin (D:7)
  5 orc warriors
  Duvessa (D:4)
  2 sky beasts (D:6)
  3 ice beasts
  A black bear (D:8)
  2 ogres
  3 wolves (D:8)
  4 centaurs (D:10)
  2 phantoms
  5 kobold brigands
  A gnoll sergeant (D:9)
  5 bullfrogs
  3 scorpions
  Dowan (D:4)
  13 killer bees
  5 electric eels (D:8)
  A bombardier beetle (D:3)
  2 jellies (D:6)
  7 orc priests
  4 hounds
  4 iguanas
  2 sleepcaps
  12 orc wizards
  5 gnolls (D:9)
  7 adders
  A shadow imp (D:8)
  2 ufetubi (D:6)
  2 dart slugs (D:1)
  3 ribbon worms
  37 orcs
  6 endoplasms
  9 goblins
  7 hobgoblins
  8 jackals
  25 kobolds
  A quokka (D:5)
  16 ball pythons
  5 bats
  5 frilled lizards
  6 rats
257 creatures vanquished.

Vanquished Creatures (collateral kills)
  3 killer bees (D:7)
3 creatures vanquished.

Vanquished Creatures (others)
  An orc wizard (D:3)
  4 kobolds (D:9)
5 creatures vanquished.

Grand Total: 265 creatures vanquished

Notes
Turn   | Place    | Note
-------+----------+-------------------------------------------
     0 | D:1      | grandjackal the Demonspawn Gladiator began the quest for
                  | the Orb.
     0 | D:1      | Reached XP level 1. HP: 16/16 MP: 1/1
   210 | D:1      | Found Duedodog's Vocational Training.
   246 | D:1      | Gained mutation: You have large cloven feet. [demonic
                  | ancestry]
   246 | D:1      | Reached XP level 2. HP: 15/22 MP: 2/2
   276 | D:1      | Found Zius's Weapon Shop.
   527 | D:1      | Gained mutation: You regenerate magic rapidly. [demonic
                  | ancestry]
   527 | D:1      | Reached XP level 3. HP: 28/28 MP: 3/3
   527 | D:1      | Found Xuboxzaol's Weapon Shoppe.
  1371 | D:2      | Reached XP level 4. HP: 33/34 MP: 4/4
  1423 | D:2      | Reached skill level 3 in Fighting
  1495 | D:2      | Identified the ring of Tafimakh {Fire Fly Will- Str+2
                  | Dex+4}
  2233 | D:3      | Gained mutation: You are partially covered in thin metallic
                  | scales. (AC +2) [demonic ancestry]
  2233 | D:3      | Reached XP level 5. HP: 26/41 MP: 5/5
  2816 | D:3      | Found a shimmering blue altar of Sif Muna.
  2955 | D:3      | Found a basalt altar of Yredelemnul.
  3015 | D:3      | Identified the ring "Cicsaid" {rElec rF++ rC+ Str+3 Dex-4}
  3025 | D:4      | Noticed a lemure
  3025 | D:4      | Noticed a lemure
  3025 | D:4      | Noticed a lemure
  3027 | D:4      | Noticed Pikel
  3163 | D:4      | Noticed an ogre
  3171 | D:4      | Killed an ogre
  3172 | D:4      | Reached skill level 4 in Fighting
  3172 | D:4      | Reached skill level 1 in Armour
  3172 | D:4      | Gained mutation: When hurt, damage is shared between your
                  | health and your magic reserves. [demonic ancestry]
  3172 | D:4      | Reached XP level 6. HP: 48/48 MP: 6/6
  3211 | D:4      | Killed Pikel
  3212 | D:4      | Reached skill level 5 in Fighting
  3212 | D:4      | Gained mutation: You have hoof-like feet. [demonic
                  | ancestry]
  3212 | D:4      | Reached XP level 7. HP: 4/56 MP: 1/7
  3564 | D:4      | Noticed Duvessa
  3570 | D:4      | Noticed Dowan
  3574 | D:4      | Killed Duvessa
  3575 | D:4      | Reached skill level 6 in Fighting
  3582 | D:4      | Killed Dowan
  3640 | D:4      | Found an ancient bone altar of Kikubaaqudgha.
  3654 | D:4      | Found a snail-covered altar of Cheibriados.
  3765 | D:5      | Entered Level 5 of the Dungeon
  4013 | D:5      | Noticed a yak
  4030 | D:5      | Noticed a yak
  4031 | D:5      | Noticed a yak
  4032 | D:5      | Noticed a yak
  4032 | D:5      | Noticed a yak
  4033 | D:5      | Noticed a yak
  4036 | D:5      | Killed a yak
  4037 | D:5      | Gained mutation: You have hooves in place of feet. [demonic
                  | ancestry]
  4037 | D:5      | Reached XP level 8. HP: 49/65 MP: 6/8
  4049 | D:5      | Reached skill level 5 in Armour
  4059 | D:5      | Reached skill level 7 in Fighting
  4086 | D:5      | Reached skill level 8 in Fighting
  4259 | D:5      | Found a staircase to the Ecumenical Temple.
  4276 | Temple   | Entered the Ecumenical Temple
  4289 | Temple   | Became a worshipper of Nemelex Xobeh the Trickster
  4416 | D:5      | Reached skill level 1 in Invocations
  4579 | D:5      | Reached XP level 9. HP: 70/74 MP: 8/10
  4598 | D:5      | Identified the +12 spear of Wiruzoso {freeze, rPois rCorr
                  | Dex-2 Stlth-}
  4987 | D:6      | Reached * piety under Nemelex Xobeh
  5051 | D:6      | Reached skill level 9 in Fighting
  5059 | D:6      | Reached skill level 5 in Invocations
  5449 | D:6      | Found a radiant altar of Vehumet.
  5449 | D:6      | Found a hazy altar of Hepliaklqana.
  5489 | D:6      | Received a gift from Nemelex Xobeh
  5781 | D:7      | Found Xaenauc's Distillery.
  5787 | D:7      | Noticed Jeremiah
  5801 | D:7      | Reached skill level 1 in Axes
  6167 | D:7      | Killed Jeremiah
  6260 | D:7      | Noticed Joseph
  6261 | D:7      | Joseph changed into Joseph the hornet
  6261 | D:7      | Noticed Joseph
  6267 | D:7      | Killed Joseph the hornet
  6268 | D:7      | Reached XP level 10. HP: 57/85 MP: 12/15
  6391 | D:7      | Bought a potion of might for 52 gold pieces
  6391 | D:7      | Bought a potion of degeneration for 13 gold pieces
  6391 | D:7      | Bought a potion of cancellation for 104 gold pieces
  6391 | D:7      | Bought a potion of curing for 39 gold pieces
  6391 | D:7      | Bought 2 potions of heal wounds for 130 gold pieces
  6391 | D:7      | Bought a potion of lignification for 39 gold pieces
  6391 | D:7      | Bought a potion of enlightenment for 65 gold pieces
  6469 | D:7      | Found Beown's Armour Shoppe.
  6646 | D:7      | Reached skill level 10 in Fighting
  6724 | D:7      | Found Fewniomi's Distillery.
  6973 | D:7      | Noticed Prince Ribbit
  6982 | D:7      | Killed Prince Ribbit
  7292 | D:7      | Found Olusikhlige's Distillery.
  7350 | D:7      | Found Qofeod's Antique Weapon Shop.
  7552 | D:8      | Reached ** piety under Nemelex Xobeh
  7552 | D:8      | Received a gift from Nemelex Xobeh
  7960 | D:8      | Found a staircase to the Lair.
  8168 | D:8      | Found a shadowy altar of Dithmenos.
  9113 | D:9      | Received a gift from Nemelex Xobeh
  9114 | D:9      | Identified the +7 scale mail of the Bells {rElec rPois rC+
                  | Dex+4}
  9118 | D:9      | Reached skill level 5 in Axes
  9706 | D:10     | Entered Level 10 of the Dungeon
  9706 | D:10     | Noticed a two-headed ogre
  9712 | D:10     | Reached skill level 11 in Fighting
  9714 | D:10     | Killed a two-headed ogre
  9770 | D:10     | Noticed Fannar
  9802 | D:10     | Killed Fannar
  9803 | D:10     | Reached skill level 10 in Invocations
  9803 | D:10     | Gained mutation: You may rarely emit foul miasma when
                  | damaged in melee. [demonic ancestry]
  9803 | D:10     | Reached XP level 11. HP: 61/93 MP: 16/18
 10199 | D:10     | Noticed a two-headed ogre
 10211 | D:10     | Killed a two-headed ogre
 10324 | D:10     | Reached *** piety under Nemelex Xobeh
 10353 | D:10     | Found a runed translucent gate.
 10354 | D:10     | Found a runed translucent gate.
 10354 | D:10     | Found a runed translucent gate.
 10355 | D:10     | Noticed a green ugly thing
 10355 | D:10     | Noticed a cyan ugly thing
 10356 | D:10     | Noticed a brown ugly thing
 10356 | D:10     | Noticed a glowing orange brain
 10356 | D:10     | Noticed a cyan ugly thing
 10357 | D:10     | Noticed a cyan ugly thing
 10820 | D:11     | Noticed a soul eater
 10828 | D:10     | Gained mutation: You are somewhat resistant to further
                  | mutation. [a neqoxec]
 10832 | D:10     | Slain by a rust devil

Illustrated notes

Levels and vault maps discovered:
D:1:      dpeg_arrival_tiny_a, layout_loops_ring, serial_shops,
          nicolae_shop_bloodbath_and_beyond, shop, nicolae_shop_vocational
D:2:      kb_forest_paths, layout_loops_ring, minivault_5
D:3:      layout_basic, kennysheep_ying_yang, led_sif_pool, dk_noncrumbling_2
D:4:      layout_rooms, kennysheep_mini, cheibriados_altar_1,
          minmay_misc_feat_doors, uniq_pikel, uniq_duvessa
D:5:      layout_basic, minmay_temple_entry_mist, serial_aquarium,
          aquarium_bridge_square [aquarium_subvault_bridge,
          aquarium_subvault_bridge, aquarium_subvault_bridge,
          aquarium_subvault_wall], aquarium_bridge_square
          [aquarium_subvault_wall, aquarium_subvault_bridge,
          aquarium_subvault_window, aquarium_subvault_window],
          aquarium_window_fake, aquarium_window_corridor_1,
          aquarium_window_fake, aquarium_window_double, aquarium_view_2c,
          aquarium_balcony_1a, aquarium_pool_2
D:6:      layout_loops_ring, tso_oasis_becter, minitemple
D:7:      layout_loops_cross, serial_shops, shop, kennysheep_little_box,
          nicolae_shop_pleasant_corner_grove, shop, shop, uniq_joseph,
          uniq_jeremiah, uniq_prince_ribbit1
D:8:      layout_loops_ring, grunt_dithmenos_shadows, erik_lair_island,
          minmay_misc_feat_rows
D:9:      layout_long_grid
D:10:     layout_irregular_city, ploomutoo_gammafunk_ghost_potion_laboratory,
          nicolae_concentric_dashed_squares_mild, uniq_fannar
D:11:     layout_rooms, gauntlet_entry_generic, serial_shops, shop,
          serial_demonic, serial_demonic_f, serial_demonic_e, serial_demonic_g,
          serial_demonic_a, nicolae_shop_fire_sale [nicolae_sub_dead_trees],
          uniq_grum
Temple:   cyrus_circular_temple

Skill      XL: |  1  2  3  4  5  6  7  8  9 10 11 |
---------------+----------------------------------+-----
Throwing       | 2 |  2.0
Long Blades    | 3 4 |  4.0
Dodging        | 3 4 |  4.0
Fighting       | 3 4 5 6 8 9 11 | 11.6
Armour         | 1 3 4 6 |  6.4
Invocations    | 1 7 10 | 10.8
Axes           | 2 5 6 |  6.4

Action                     |  1- 3 |  4- 6 |  7- 9 | 10-12 || total
---------------------------+-------+-------+-------+-------++-------
  Melee: Long sword        |   117 |   119 |   258 |   363 ||   857
         Punch             |     1 |     4 |     5 |     9 ||    19
         Kick              |    24 |    30 |    81 |   129 ||   264
         Unarmed           |       |       |    30 |       ||    30
         War axe           |       |       |       |    35 ||    35
  Throw: Dart              |       |    12 |    11 |       ||    23
 Invoke: Draw Summoning    |       |       |     1 |       ||     1
  Evoke: Wand              |       |       |     3 |    21 ||    24
    Use: Potion            |       |       |       |     3 ||     3
         Scroll            |       |       |       |     2 ||     2
   Stab: Confused          |       |       |     7 |       ||     7
         Distracted        |       |       |     2 |       ||     2
 Armour: Leather armour    |    53 |       |       |       ||    53
         Scale mail        |    18 |    94 |   245 |   230 ||   587
         Ring mail         |     7 |       |       |   257 ||   264
         Skin              |       |       |     2 |       ||     2
  Dodge: Dodged            |    79 |    48 |   216 |   396 ||   739

Table legend: (Time is in decaauts)
 A = Elapsed time spent in this place.
 B = Non-inter-level travel time spent in this place.
 C = Inter-level travel time spent in this place.
 D = Time resting spent in this place.
 E = Time spent auto-exploring this place.
 F = Levels seen in this place.
 G = Mean time per level.
                   A        B        C        D        E       F      G
               +--------+--------+--------+--------+--------+-----+--------+
         Total |  11019 |  10592 |    427 |   2487 |   5722 |  12 |  918.2 |
       Dungeon |  10992 |  10578 |    414 |   2487 |   5722 |  11 |  999.3 |
        Temple |     26 |     13 |     13 |      0 |      0 |   1 |   26.0 |
               +--------+--------+--------+--------+--------+-----+--------+

Top non-repeatable levels by time:
     D:6: 1357 daAuts
     D:7: 1316 daAuts
     D:8: 1307 daAuts
     D:2: 1285 daAuts
    D:10: 1133 daAuts
     D:9: 1064 daAuts
     D:3: 992 daAuts
     D:5: 983 daAuts
     D:1: 857 daAuts
     D:4: 687 daAuts
  Temple: 26 daAuts
    D:11: 7 daAuts
